 Dungeon Crawl Stone Soup version 0.30-a0-852-g08b95dd62f (webtiles) character file.

Game seed: 3085302512131824501

67 cforsyth the Caller (level 4, -2/24 HPs)
             Began as a Deep Elf Summoner on Mar 4, 2023.
             Killed from afar by an orc wizard (9 damage)
             ... with a puff of flame
             ... on level 3 of the Dungeon.
             The game lasted 00:03:28 (1990 turns).

cforsyth the Caller (Deep Elf Summoner)             Turns: 1990, Time: 00:03:28

Health: -2/24      AC:  3    Str:  5    XL:     4   Next: 0%
Magic:  3/12       EV: 12    Int: 22    God:
Gold:   142        SH:  0    Dex: 15    Spells: 6/12 levels left

rFire   . . .      SeeInvis .    (no weapon)
rCold   . . .      Faith    .    (no shield)
rNeg    . . .      Spirit   .    a - +0 robe
rPois   .          Reflect  .    m - +0 helmet
rElec   .          Rampage  .    (no cloak)
rCorr   .                        (no gloves)
Will    .....                    (no boots)
Stlth   ++                       c - amulet of regeneration
HPRegen 1.04/turn                (no ring)
MPRegen 0.13/turn                (no ring)

@: no status effects
A: no striking features
a: no special abilities


You were on level 3 of the Dungeon.
You visited 1 branch of the dungeon, and saw 3 of its levels.

You collected 142 gold pieces.

Inventory:

Armour
 a - a +0 robe (worn)
 m - a +0 helmet (worn)
Jewellery
 c - an amulet of regeneration (around neck)
Scrolls
 d - a scroll of magic mapping {unknown}
 e - a scroll of fog {unknown}
 f - 4 scrolls of teleportation
 h - a scroll of amnesia {unknown}
 l - a scroll of noise {unknown}
Potions
 b - a potion of magic
 g - a potion of berserk rage
 i - 2 potions of curing
 j - a potion of attraction


   Skills:
 - Level 2.4 Dodging
 - Level 2.4 Stealth
 + Level 4.6 Spellcasting
 + Level 5.3 Summonings


You had 6 spell levels left.
You knew the following spells:

 Your Spells              Type           Power      Damage    Failure   Level
a - Summon Small Mammal   Summ           100%       N/A       1%          1
b - Call Imp              Summ           28%        N/A       1%          2
c - Call Canine Familiar  Summ           28%        N/A       3%          3

Your spell library contained the following spells:

 Spells                   Type           Power      Damage    Failure   Level
 Necrotise                Necr           20%        1d5       11%         1
 Summon Guardian Golem    Hex/Summ       16%        N/A       11%         3
 Vampiric Draining        Necr           5%         2d6       30%         3
 Summon Lightning Spire   Summ/Air       16%        N/A       34%         4
 Agony                    Necr           5%         N/A       96%         5


Dungeon Overview and Level Annotations

Branches:
Dungeon (3/15)

Altars:


Message History

Your quokka dies!
Your quokka's corpse disappears in a puff of smoke!
Your quokka misses something.
Your white imp barely misses the orc.
Your hound closely misses the orc.
Your quokka barely misses something.
Your hound barely misses the orc.
The kobold closely misses your hound.
Your hound bites the orc.
Your quokka bites something but does no damage.
The kobold barely misses your hound.
Your hound bites the ball python.
Your quokka closely misses the ball python.
Something hits you. The orc barely misses you.
The kobold barely misses your hound.
Your hound barely misses the ball python.
Your quokka closely misses the ball python.
Your white imp misses the orc.
Casting: Summon Small Mammal (safe; 1% risk of failure)
Confirm with . or Enter, or press ? or * to list all spells.
A beastly little devil appears in a puff of frigid air.
Your white imp disappears in a puff of smoke!
Your hound bites the ball python.
The ball python dies!
The orc hits you with a +0 mace. The kobold closely misses your hound.
Something hits you but does no damage.
Casting: Call Imp (safe; 1% risk of failure)
Confirm with . or Enter, or press ? or * to list all spells.
Something hits you. The orc hits you with a +0 mace!
* * * LOW HITPOINT WARNING * * *
Your hound completely misses the orc.
Your quokka bites the orc.
The orc dies!
You have reached level 4!
You feel clever.
You swap places.
Something hits your quokka.
Your hound barely misses something.
The kobold closely misses your hound.
Your hound bites something.
Something closely misses your quokka.
Your hound closely misses something.
You hear some strange, mumbled words.
A puff of flame appears from out of thin air!
The puff of flame hits you!
You die...

. .. ##### ...
#<..# .... #...#
..... #...#
....)§#5@.#
....)Kh.r#......
...§)?{..+....##
.....##### ...#
..... ...# ####
..#


You could see a kobold, a friendly hound (summoned), a friendly white imp
(summoned) and a friendly quokka (summoned).

Vanquished Creatures
  A giant cockroach (D:1)
  A frilled lizard (D:1)
2 creatures vanquished.

Vanquished Creatures (collateral kills)
  2 dart slugs (D:1)
  4 orcs (D:3)
  3 endoplasms
  4 goblins
  6 hobgoblins
  3 jackals (D:2)
  2 quokkas
  6 ball pythons
  6 bats
  7 frilled lizards
  6 kobolds
  7 rats
  A spectral kobold (D:2)
57 creatures vanquished.

Grand Total: 59 creatures vanquished

Notes
Turn   | Place    | Note
-------+----------+-------------------------------------------
     0 | D:1      | cforsyth the Deep Elf Summoner began the quest for the Orb.
     0 | D:1      | Reached XP level 1. HP: 10/10 MP: 6/6
   158 | D:1      | Reached XP level 2. HP: 15/15 MP: 5/8
   161 | D:1      | Learned a level 2 spell: Call Imp
   511 | D:1      | Reached skill level 5 in Summonings
   511 | D:1      | Reached XP level 3. HP: 19/19 MP: 6/10
   515 | D:1      | Learned a level 3 spell: Call Canine Familiar
   875 | D:2      | Found a faded altar of an unknown god.
  1988 | D:3      | Reached XP level 4. HP: 4/24 MP: 2/12
  1990 | D:3      | Killed from afar by an orc wizard

Illustrated notes

Levels and vault maps discovered:
D:1:      dpeg_arrival_castle, layout_rooms
D:2:      layout_basic, dreamdust_ecumenical_altar_drowned_temple
D:3:      layout_basic, minmay_liquid_box

Skill      XL: |  1  2 |
---------------+-------+-----
Spellcasting   | 4 |  4.6
Summonings     | 5 |  5.3
Dodging        | |  2.4
Stealth        | |  2.4

Action                     |  1- 3 |  4- 6 || total
---------------------------+-------+-------++-------
  Melee: Unarmed           |    18 |       ||    18
   Cast: Summon Small Mamm |    28 |       ||    28
         Call Imp          |     9 |       ||     9
         Call Canine Famil |     4 |       ||     4
    Use: Scroll            |     4 |       ||     4
 Armour: Robe              |    10 |       ||    10
  Dodge: Dodged            |    27 |       ||    27

Table legend: (Time is in decaauts)
 A = Elapsed time spent in this place.
 B = Non-inter-level travel time spent in this place.
 C = Inter-level travel time spent in this place.
 D = Time resting spent in this place.
 E = Time spent auto-exploring this place.
 F = Levels seen in this place.
 G = Mean time per level.
                   A        B        C        D        E       F      G
               +--------+--------+--------+--------+--------+-----+--------+
         Total |   1999 |   1901 |     98 |      0 |   1433 |   3 |  666.3 |
       Dungeon |   1999 |   1901 |     98 |      0 |   1433 |   3 |  666.3 |
               +--------+--------+--------+--------+--------+-----+--------+

Top non-repeatable levels by time:
     D:2: 1241 daAuts
     D:1: 728 daAuts
     D:3: 29 daAuts
